 Dungeon Crawl Stone Soup version 0.29.0-13-gc9e81de378 (webtiles) character file.

Game seed: 18040610862526885063

27 Persephone the Cudgeller (level 3, -1/34 HPs)
             Began as a Gargoyle Berserker on Sept 8, 2022.
             Was a Follower of Trog.
             Slain by a goblin
             ... wielding a +0 club
             ... led by Robin
              (4 damage)
             ... on level 2 of the Dungeon.
             The game lasted 00:01:27 (1291 turns).

Persephone the Cudgeller (Gargoyle Berserker)       Turns: 1291, Time: 00:01:28

Health: -1/34      AC:  9    Str: 22    XL:     3   Next: 10%
Magic:  3/3        EV: 11    Int:  7    God:    Trog [*.....]
Gold:   68         SH:  0    Dex:  9    Spells: 2/2 levels left

rFire   . . .      SeeInvis .   a - +1 mace
rCold   . . .      Faith    .   (no shield)
rNeg    + . .      Spirit   .   i - +0 ring mail
rPois   ∞          Reflect  .   l - +0 helmet
rElec   +          Harm     .   (no cloak)
rCorr   .          Rampage  .   (no gloves)
Will    .....                   (no boots)
Stlth   ..........              (no amulet)
HPRegen 0.11/turn               (no ring)
MPRegen 0.08/turn               (no ring)

@: berserking, attractive, very quick
A: sickness immunity, AC +3, negative energy resistance 1, electricity
resistance, torment resistance 1, petrification resistance
a: Renounce Religion, Berserk


You were on level 2 of the Dungeon.
You worshipped Trog.
Trog was aware of your devotion.
You visited 1 branch of the dungeon, and saw 2 of its levels.

You collected 68 gold pieces.

Inventory:

Hand Weapons
 a - a +1 mace (weapon)
Missiles
 o - a throwing net (quivered)
Armour
 b - a +0 animal skin
 i - a +0 ring mail (worn)
 l - a +0 helmet (worn)
Scrolls
 f - a scroll of identify {unknown}
 g - 2 scrolls of enchant armour {unknown}
 h - 2 scrolls of noise {unknown}
 j - a scroll of magic mapping {unknown}
 n - a scroll of poison {unknown}
Potions
 d - a potion of curing {unknown}
 k - a potion of heal wounds {unknown}
 m - a potion of might {unknown}


   Skills:
 - Level 3.5 Fighting
 + Level 3.6 Maces & Flails
 - Level 2.5 Armour
 - Level 1.8 Dodging


You had 2 spell levels left.
You didn't know any spells.
Your spell library was empty.

Dungeon Overview and Level Annotations

Branches:
Dungeon (2/15)

Altars:

Annotations:
D:2 Robin


Innate Abilities, Weirdness & Mutations

You are immune to sickness and miasma.
Your stone body is resilient. (AC +3)
You are immune to poison.
You resist negative energy. (rN+)
You are resistant to electric shocks. (rElec)
You are resistant to unholy torment.
You are immune to petrification.


Message History

It was a potion of attraction.
You feel attractive to monsters. The goblin hits you but does no damage.
The goblin closely misses you. The goblin hits you with a +0 club.
* * * LOW HITPOINT WARNING * * *
Robin roars a battlecry!
The goblins go into a battle-frenzy!
The goblin hits you with a +0 dagger.
* * * LOW HITPOINT WARNING * * *
Unknown command.
You hit the goblin.
The goblin is almost dead.
The goblin no longer looks unusually strong.
The goblin misses you. The goblin hits you but does no damage.
The goblin barely misses you.
Robin roars a battlecry!
The goblin goes into a battle-frenzy!
The goblin hits you but does no damage.
A red film seems to cover your vision as you go berserk!
You feel yourself moving faster!
You feel mighty! The goblin barely misses you. The goblin closely misses you.
The goblin hits you but does no damage. The goblin hits you with a +0 club.
* * * LOW HITPOINT WARNING * * *
You sock the goblin!
You kill the goblin!
Trog accepts your kill. The goblin hits you with a +0 dagger.
* * * LOW HITPOINT WARNING * * *
The goblin hits you but does no damage. The goblin closely misses you.
You closely miss the goblin.
The goblin is heavily wounded.
You barely miss the goblin.
The goblin is heavily wounded.
The goblin barely misses you. The goblin hits you but does no damage.
Robin throws the goblin at you! The goblin closely misses you.
You sock the goblin!
You kill the goblin!
Trog accepts your kill. The goblin hits you with a +0 club.
You die... #.# #.# #.# #.# g.## #gg

. #g##### ..
####@#...#######..
#..)gg...#......#
#........#......#
#......#........#
#......#.#......#
#......###.######
#......# #.#
#......# #.#
##########.#######


You could see Robin, a hobgoblin (strong) and 4 goblins.

Vanquished Creatures
  A worm (D:2)
  A dart slug (D:1)
  3 bats
  3 endoplasms
  2 giant cockroaches (D:1)
  2 goblins (D:2)
  A hobgoblin (D:1)
  4 quokkas
  A ball python (D:1)
  A frilled lizard (D:1)
  2 rats (D:1)
21 creatures vanquished.

Vanquished Creatures (others)
  2 plants (D:1)
2 creatures vanquished.

Grand Total: 23 creatures vanquished

Notes
Turn   | Place    | Note
-------+----------+-------------------------------------------
     0 | D:1      | Persephone the Gargoyle Berserker began the quest for the
                  | Orb.
     0 | D:1      | Reached XP level 1. HP: 14/14 MP: 1/1
   371 | D:1      | Reached XP level 2. HP: 14/19 MP: 2/2
   936 | D:1      | Found a faded altar of an unknown god.
  1178 | D:2      | Reached XP level 3. HP: 19/23 MP: 3/3
  1272 | D:2      | Noticed Robin
  1291 | D:2      | Slain by a goblin

Illustrated notes

Levels and vault maps discovered:
D:1:      minmay_arrival_nine_rooms, layout_loops_cross,
          shapermc_ecumenical_altar_mp_ritualfount,
          hangedman_decor_clover_reticule
D:2:      layout_basic, serial_shops, shop, uniq_sigmund, uniq_robin

Action                   || total
-------------------------++-------
Melee: Mace              ||    81
Invok: Berserk           ||     2
  Use: Scroll            ||     1
       Potion            ||     1
Armor: Ring mail         ||    66
       Animal skin       ||     3
Dodge: Dodged            ||    86
